 Dungeon Crawl Stone Soup version 0.15.0-8-gb109cf8 (webtiles) character file.

179 benano the Skirmisher (level 5, -4/50 HPs)
             Began as a Minotaur Berserker on Aug 29, 2014.
             Was a Priest of Trog.
             Slain by WildSam's ghost (13 damage)
             ... on Level 3 of the Dungeon.
             The game lasted 00:32:01 (3092 turns).

benano the Skirmisher (Minotaur Berserker)          Turns: 3092, Time: 00:32:02

HP  -4/50        AC  2     Str 23      XL: 5   Next: 33%
MP   2/2         EV 12     Int  4      God: Trog [***...]
Gold 150         SH  0     Dex  9      Spells:  0 memorised,  4 levels left

rFire  . . .     SeeInvis .     a - +0 hand axe
rCold  . . .     Clarity  .     n - +0 animal skin
rNeg   . . .     rCorr    .     (no shield)
rPois  .         rRot     .     (helmet restricted)
rElec  .         Spirit   .     (no cloak)
SustAb .         Warding  .     (no gloves)
rMut   .         Stasis   .     (no boots)
Gourm  .                        (no amulet)
MR     .....                    (no ring)
                                (no ring)

@: not resistant to hostile enchantments, very unstealthy
A: retaliatory headbutt, horns 2
a: Burn Spellbooks, Berserk, Trog's Hand, Renounce Religion


You were on level 3 of the Dungeon.
You worshipped Trog.
Trog was most pleased with you.
You were very hungry.

You visited 1 branch of the dungeon, and saw 3 of its levels.

You collected 150 gold pieces.

Inventory:

Hand weapons
 a - a +0 hand axe (weapon)
 b - a +0 hunting sling
Missiles
 q - 43 stones (quivered)
Armour
 n - a +0 animal skin (worn)
 p - a +0 leather armour
 s - a +0 scale mail
Magical devices
 u - a wand of frost (0)
 v - a wand of magic darts (9) {unknown}
Comestibles
 c - 2 bread rations
 f - a beef jerky
 g - 4 meat rations
 i - 2 slices of pizza
 m - 2 fruits
 z - a royal jelly
Scrolls
 d - a scroll of immolation {unknown}
 h - 2 scrolls of blinking {unknown}
 j - 6 scrolls of identify {unknown}
 o - a scroll of recharging {unknown}
 r - a scroll of remove curse {unknown}
Potions
 e - a potion of magic {unknown}
 k - 4 potions of heal wounds {unknown}
 l - a potion of curing {unknown}
 t - 2 potions of poison {unknown}
 w - a potion of might {unknown}
 x - a potion of berserk rage {unknown}


   Skills:
 * Level 5.9 Fighting
 + Level 4.6 Axes
 + Level 4.0 Armour
 - Level 2.1 Dodging


You had 4 spell levels left.
You didn't know any spells.

Dungeon Overview and Level Annotations

Branches:
Dungeon (3/15)

Altars:
Makhleb
Vehumet
Xom

Annotations:
D:3 WildSam's ghost, average DsBe


Innate Abilities, Weirdness & Mutations

You reflexively headbutt those who attack you in melee.
You have a pair of horns on your head.


Message History

WildSam's ghost is almost destroyed.
WildSam's ghost misses you.
You closely miss WildSam's ghost.
WildSam's ghost is almost destroyed.
WildSam's ghost hits you.
You hit WildSam's ghost.
WildSam's ghost is almost destroyed.
WildSam's ghost hits you.
You hit WildSam's ghost.
WildSam's ghost is almost destroyed.
WildSam's ghost hits you.
You hit WildSam's ghost but do no damage.
You headbutt WildSam's ghost, but do no damage.
WildSam's ghost is almost destroyed.
WildSam's ghost hits you!
* * * LOW HITPOINT WARNING * * *
You closely miss WildSam's ghost.
WildSam's ghost is almost destroyed.
WildSam's ghost hits you!
You die...

##.#...#..#.##..##.##.# #
.................#'#..##.#
##.#...#..#.##..#.......$..
##.#...#..#.##..#.....##.#
.......#.................#
............................
##.#.####.#.##).##...###.##
................##...# .
.............(..@W...#
####.#..###.##.###...# #
#.#..# #.##.# #...# # #.#..#
#.##.# #...# # #.#..# #.##.#
#...# # #.#..# #.#### #...#
# #.#.♣♣ ♣♣# ##...# #
#.♣♣♣♣♣♣♣♣# #....###.#
####≈≈P≈≈♣≈≈≈♣###........#


You could see WildSam's ghost.

Vanquished Creatures
  A crimson imp (D:3)
  A jelly (D:3)
  5 adders
  A worm (D:3)
  3 giant geckos
  An ooze (D:3)
  An orc (D:3)
  2 ball pythons
  6 bats
  7 giant cockroaches
  8 goblins
  4 hobgoblins (D:2)
  4 jackals (D:1)
  2 quokkas
  5 giant newts
  6 kobolds
  3 rats
60 creatures vanquished.

Notes
Turn   | Place    | Note
--------------------------------------------------------------
     0 | D:1      | benano, the Minotaur Berserker, began the quest for the Orb.
     0 | D:1      | Reached XP level 1. HP: 19/19 MP: 1/1
    75 | D:1      | Reached skill level 4 in Fighting
   146 | D:1      | Reached XP level 2. HP: 27/27 MP: 1/1
   506 | D:1      | Found a shimmering altar of Xom.
   595 | D:1      | Acquired Trog's second power
  1034 | D:2      | Reached XP level 3. HP: 34/34 MP: 2/2
  1701 | D:2      | Reached skill level 5 in Fighting
  1855 | D:2      | Reached XP level 4. HP: 38/42 MP: 2/2
  2657 | D:3      | Found a radiant altar of Vehumet.
  2658 | D:3      | Found a burning altar of Makhleb.
  2696 | D:3      | Reached XP level 5. HP: 13/49 MP: 2/2
  2707 | D:3      | HP: 2/50 [poisoned by an adder]
  2714 | D:3      | HP: 1/50 [poisoned by an adder]
  3075 | D:3      | Noticed WildSam's ghost (average DsBe)
  3092 | D:3      | Slain by WildSam's ghost

Action                   |  1- 3 |  4- 6 || total
-------------------------+-------+-------++-------
Melee: Hand axe          |    79 |    70 ||   149
 Fire: Hunting sling     |     1 |     8 ||     9
Invok: Berserk           |       |     1 ||     1
  Eat: Fruit             |     2 |       ||     2
       Meat ration       |       |     1 ||     1
